Map: Inside and Out

Players

soO

  • Race: Zerg Zerg
  • Spawn Location: 1:00

Reynor - Winner!

  • Race: Zerg Zerg
  • League: Master
  • Spawn Location: 7:00

Event: HomeStory Cup XXII

VOD

Have the link to the VOD?

Description

Time

  • Played on: Dec. 16, 2022, 10:30 a.m.
  • Length: 4:26

All games in this series

Show
View Real Time Build Order
Export as new Build Order

soO Zerg 

Build Orders: Pool First 

Get SALT Encoding   

  12  0:00  Drone  
  13  0:07  Drone  
  14  0:16  Overlord  
  14  0:32  Spawning Pool  
  14  0:35  Drone  
  14  0:39  Drone  
  15  0:43  Drone  
  15  0:48  Drone  
  17  1:08  Hatchery  
  16  1:18  Zergling x6  
  19  1:26  Queen  
  21  1:34  Overlord  
  21  1:41  Drone  
  22  1:54  Drone  
  23  2:04  Queen  
  23  2:05  Drone  
  26  2:12  Drone  
  27  2:20  Queen, Drone  
  30  2:23  Drone  
  31  2:31  Overlord  
  31  2:34  Drone  
  31  2:35  Drone  
  31  2:36  Drone x2  
  35  2:49  Overlord  
  35  2:50  Drone  
  36  2:54  Extractor  
  36  2:55  Extractor  
  36  2:58  Drone x2  
  36  3:05  Drone  
  37  3:08  Drone  
  37  3:11  Drone  
  37  3:12  Drone x2  
  41  3:14  Drone x3  
  41  3:19  Drone  
  45  3:21  Drone  
  45  3:23  Evolution Chamber  
  45  3:27  Drone  
  45  3:28  Roach Warren  
  45  3:30  Drone  
  46  3:37  Evolution Chamber  
  45  3:42  Zergling x10  
  45  3:43  Evolution Chamber  
  45  3:47  Zergling x2  
  49  3:53  Evolution Chamber  
  47  3:57  Zergling x6  
  47  4:02  Zergling x4  
Show
View Real Time Build Order
Export as new Build Order

Reynor Zerg - Winner!

Build Orders: Pool First 

Get SALT Encoding   

  12  0:00  Drone  
  13  0:12  Overlord  
  13  0:17  Drone  
  14  0:30  Drone x2  
  16  0:40  Spawning Pool  
  15  0:44  Drone  
  15  0:47  Drone  
  17  1:08  Hatchery  
  17  1:10  Drone  
  17  1:13  Extractor  
  16  1:27  Zergling x4  
  16  1:28  Zergling x2  
  16  1:32  Queen  
  21  1:39  Overlord  
  21  1:51  Zergling x2  
  22  2:00  Drone  
  23  2:07  Queen  
  25  2:12  Metabolic Boost  
  25  2:14  Drone  
  26  2:22  Zergling x2, Drone  
  28  2:31  Zergling x2  
  28  2:32  Overlord  
  29  2:39  Zergling x4  
  29  2:40  Zergling x2  
  29  2:42  Zergling x2  
  33  2:44  Zergling x2  
  34  2:52  Zergling x2  
  34  2:55  Zergling x2  
  36  3:03  Overlord  
  36  3:06  Zergling x2  
  36  3:12  Zergling x6  
  39  3:15  Zergling x2  
  39  3:16  Zergling x6  
  43  3:21  Zergling x2  
  43  3:26  Zergling x2  
  45  3:29  Overlord  
  45  3:36  Zergling x2  
  45  3:40  Zergling x2  
  47  3:46  Zergling x6  
  50  3:48  Zergling x2  
  50  3:52  Zergling x2  
  48  3:59  Zergling x2  
  46  4:03  Zergling x2  
Tags
 
League
Master
Matchup
ZvZ
Player
ReynorsoO
Race
Zerg
Replay Pack
hsc22
Spawn Locations
Cross Positions
Add a new tag
Caveats
  • Supply blocks, unpowered buildings, or Contaminate may cause inaccurate times.
  • Supply counts are checked every 10 seconds.